 Dungeon Crawl Stone Soup version 0.17.2-1-ge4368a0 (webtiles) character file.

6101 rlgrobin the Martial Artist (level 10, -7/85 HPs)
             Began as a Mummy Monk on May 1, 2017.
             Mangled by a spiny frog (21 damage)
             ... on level 8 of the Dungeon.
             The game lasted 00:30:26 (19109 turns).

rlgrobin the Martial Artist (Mummy Monk)           Turns: 19109, Time: 00:30:26

Health: -7/85      AC:  7    Str: 15    XL:     10   Next: 58%
Magic:  10/10      EV: 16    Int: 10    God:
Gold:   601        SH:  0    Dex: 17    Spells: 0 memorised, 9 levels left

rFire  x . .     SeeInvis .       - Unarmed
rCold  + + .     Clarity  .     (no armour)
rNeg   + + +     SustAt   .     (no shield)
rPois  ∞         Gourm    .     p - +2 helmet
rElec  .         Spirit   .     (no cloak)
rCorr  .         Warding  .     (no gloves)
rMut   .         Stasis   .     h - +2 pair of boots
MR     +....                    (no amulet)
Stlth  ++........               c - +1 ring of protection
                                e - ring of protection from cold

@: somewhat resistant to hostile enchantments, unstealthy
A: no food or potions, fire vulnerability, cold resistance 1, negative energy
resistance 3, torment resistance, unbreathing
a: no special abilities


You were on level 8 of the Dungeon.
You were not hungry.

You visited 2 branches of the dungeon, and saw 11 of its levels.
You also visited: Ossuary and Bailey.

You collected 601 gold pieces.


Innate Abilities, Weirdness & Mutations

You do not eat or drink.
Your flesh is vulnerable to fire.
You are immune to poison.
Your flesh is cold resistant.
You are immune to negative energy.
You are immune to unholy pain and torment.
You can survive without breathing.


   Skills:
 + Level 9.8 Fighting
 - Level 6.0 Dodging
 - Level 1.5 Stealth
 - Level 10.1 Unarmed Combat


You had 9 spell levels left.
You didn't know any spells.

Inventory:

Armour
 h - a +2 pair of boots (worn)
 j - a +0 buckler
 p - a +2 helmet (worn)
 q - the cursed +1 ring mail "Ykhuat" {Dex+5, unknown}

   It affects your dexterity (+5).
   It has a curse placed upon it.
Jewellery
 c - a +1 ring of protection (right hand)
 e - a ring of protection from cold (left hand)
Scrolls
 a - 5 scrolls of remove curse
 b - 5 scrolls of magic mapping
 d - 3 scrolls of immolation {!r}
 f - 2 scrolls of enchant weapon
 g - 2 scrolls of fog
 i - 2 scrolls of fear {unknown}
 k - 5 scrolls of blinking
 l - 3 scrolls of amnesia
 m - 5 scrolls of noise {!r}
 n - 3 scrolls of random uselessness {unknown}
 o - 3 scrolls of teleportation {@r4}
 r - a scroll of enchant armour
 s - a scroll of recharging {unknown}
 t - a scroll of summoning {unknown}

Dungeon Overview and Level Annotations

Branches:
Dungeon (10/15)            Temple (0/1) D:4            Lair (1/8) D:8
    Orc (0/4) D:9

Altars:
Ashenzari
Dithmenos
Elyvilon
Gozag
Kikubaaqudgha
Nemelex Xobeh
Qazlal
Ru
Sif Muna
Trog
Xom
Yredelemnul
Zin
The Shining One
Beogh

Shops:
D:8 *

Annotations:
D:5 Fun Gas
D:8 Maurice

▒▒▒.▒..%.▒ ▒.▒
▒▒.(.▒▒▒▒.▒▒ ▒.▒
▒..▒▒▒▒▒...▒▒▒.▒ ▒
▒.▒▒ ▒▒....%▒▒.▒ ▒
▒.▒ ▒.[f....▒.▒ ▒▒▒
▒▒.▒▒▒▒..)..P.▒.▒
..▒▒▒
▒...............▒
▒...▒
▒.▒▒▒...........▒
▒.▒.▒ ▒.▒
▒...%.M.....▒ ▒.▒.▒
▒.▒ ▒▒.....F...▒▒
▒...▒▒▒.▒ ▒..f......▒
▒▒......▒ ▒▒..f.f..▒▒
▒▒...▒▒▒ ▒.......▒ ▒
▒....▒▒▒▒ ▒▒.....▒▒
▒▒▒▒......▒▒▒▒▒[..▒▒▒
.▒..!.▒▒▒...▒ ▒..▒▒.▒
.▒%▒▒...▒▒▒.▒▒▒.....▒


You could see a spiny frog.


Message History

You beat the spiny frog but do no damage!
The spiny frog is lightly wounded!
The spiny frog stings you!!!!!!
You take 18 damage, and have 64/85 hp!
MASSIVE DAMAGE!!!!!!
You pummel the spiny frog like a punching bag!
The spiny frog is lightly wounded!
The spiny frog barely misses you!
You pulverise the spiny frog!!!
The spiny frog is moderately wounded!
The spiny frog closely misses you!
You pummel the spiny frog like a punching bag!
The spiny frog is moderately wounded!
The spiny frog stings you!!!!!! * * * don't die
* * * You take 25 damage, and have 39/85 hp!
MASSIVE DAMAGE!!!!!!
You are too injured to fight recklessly!!!
You pummel the spiny frog like a punching bag!
The spiny frog is heavily wounded!
The spiny frog stings you!!! * * * don't die
* * * You take 7 damage, and have 32/85 hp!
You pulverise the spiny frog!
The spiny frog is heavily wounded!
The spiny frog stings you!!!!!! * * * don't die
* * * You take 19 damage, and have 13/85 hp!
MASSIVE DAMAGE!!!!!!
You beat the spiny frog into a bloody pulp!
The spiny frog is severely wounded!
The spiny frog stings you!!!!!! rip

Action                   |  1- 3 |  4- 6 |  7- 9 | 10-12 || total
-------------------------+-------+-------+-------+-------++-------
Melee: Unarmed           |   136 |   398 |   880 |   301 ||  1715
  Use: Scroll            |       |     7 |     7 |     1 ||    15
 Stab: Sleeping          |     1 |     6 |     8 |     1 ||    16
       Distracted        |       |       |     2 |       ||     2

Vault maps used:
D:1:      co_arrival_random_square_maze, hangedman_decor_diamond_cutter,
          supply_closet_lemuel, nrook_loot_triangle, minivault_5
D:2:      forest_paths, lemuel_blue_sif_altar, kiku_gazebo_garden_becter,
          grunt_qazlal_clouds, uniq_jessica
D:3:      mumra_celtic_spiral_tile, lemuel_crystal_altar
D:4:      minmay_temple_entry_fiery, gup_ossuary_entry_pyramid,
          serial_co_window_serial, co_window_of_opportunity_a,
          co_window_paths_a, co_window_corner_a, co_window_corner_a,
          co_window_corner_a, co_window_corner_a, co_window_corner_a,
          co_window_corner_a, co_window_paths_a, co_window_of_opportunity_b,
          co_window_of_opportunity_b, co_window_corner_ca, co_window_broadway_a,
          co_window_corner_cb, glass_columns_a, glass_columns_a,
          glass_columns_a, glass_columns_b, glass_columns_a
D:5:      xom_confusion_cloud, gammafunk_temple_overflow_statue, first_bread,
          nicolae_ru_sacrificial_ziggurat
D:6:      nicolae_overflow_hidden_temple, uniq_blork_the_orc
D:7:      corexii_shantytown, gammafunk_temple_overflow_elements, uniq_pikel
D:8:      david_lair_generic, nicolae_alphabet_shops, uniq_psyche, uniq_maurice
D:9:      good_gods_mini_temple, minmay_orc_entry_temple_small, enter_bailey_3
D:10:     serial_shops, kennysheep_little_box, uniq_urug
Ossuary:  ossuary_tomb_2
Bailey:   bailey_axe_bossmonster_kennysheep, bailey

Notes
Turn   | Place    | Note
--------------------------------------------------------------
     0 | D:1      | rlgrobin the Mummy Monk began the quest for the Orb.
     0 | D:1      | Reached XP level 1. HP: 18/18 MP: 1/1
   148 | D:1      | You fall through a shaft!
   403 | D:2      | Reached XP level 2. HP: 24/24 MP: 2/2
   639 | D:2      | Reached skill level 4 in Unarmed Combat
   639 | D:2      | Reached XP level 3. HP: 9/29 MP: 3/3
   642 | D:2      | HP: 2/29 [giant gecko (4)]
  1225 | D:2      | Found a stormy altar of Qazlal.
  1536 | D:2      | Found a deep blue altar of Sif Muna.
  1609 | D:2      | Noticed Jessica
  1614 | D:2      | Noticed a scorpion
  1721 | D:2      | Killed Jessica
  2188 | D:2      | Found an ancient bone altar of Kikubaaqudgha.
  2210 | D:2      | Reached XP level 4. HP: 26/35 MP: 4/4
  2989 | D:2      | You fall through a shaft!
  3077 | D:3      | Reached skill level 5 in Unarmed Combat
  3350 | D:2      | Found a deep blue altar of Sif Muna.
  3434 | D:2      | Found a stormy altar of Qazlal.
  3582 | D:2      | Found an ancient bone altar of Kikubaaqudgha.
  3744 | D:1      | Killed a scorpion
  3744 | D:1      | Reached XP level 5. HP: 14/42 MP: 5/5
  4862 | D:3      | Reached skill level 4 in Fighting
  5349 | D:3      | Found a bloodstained altar of Trog.
  5855 | D:4      | Reached skill level 5 in Fighting
  5855 | D:4      | Reached XP level 6. HP: 45/51 MP: 6/6
  5952 | D:4      | Noticed an ogre
  6282 | D:4      | Found a sand-covered staircase.
  6288 | Ossuary  | Entered an ossuary
  6946 | Ossuary  | Reached skill level 6 in Fighting
  7216 | Ossuary  | Reached XP level 7. HP: 31/58 MP: 7/7
  7848 | D:4      | Reached skill level 6 in Unarmed Combat
  7988 | D:3      | Killed an ogre
  7988 | D:3      | Reached skill level 3 in Dodging
  8209 | D:4      | Found a staircase to the Ecumenical Temple.
  8905 | D:4      | Reached XP level 8. HP: 49/64 MP: 8/8
  9359 | D:5      | Entered Level 5 of the Dungeon
  9412 | D:5      | Found a sacrificial altar of Ru.
  9514 | D:5      | Reached skill level 7 in Unarmed Combat
  9756 | D:5      | Reached skill level 7 in Fighting
  9931 | D:5      | Found a shimmering altar of Xom.
 10014 | D:5      | Reached skill level 4 in Dodging
 10303 | D:5      | Found an opulent altar of Gozag.
 10304 | D:5      | Found a basalt altar of Yredelemnul.
 10521 | D:5      | Got a slimy ring mail
 11478 | D:6      | Found a sparkling altar of Nemelex Xobeh.
 11515 | D:6      | Noticed Blork the orc
 11525 | D:6      | Killed Blork the orc
 11843 | D:6      | Reached skill level 8 in Unarmed Combat
 11843 | D:6      | Reached XP level 9. HP: 68/72 MP: 9/9
 12623 | D:7      | Reached skill level 8 in Fighting
 12793 | D:6      | Reached skill level 5 in Dodging
 13162 | D:6      | Reached skill level 6 in Dodging
 13656 | D:7      | Noticed Pikel
 13998 | D:5      | Killed Pikel
 14826 | D:7      | Reached skill level 9 in Unarmed Combat
 15035 | D:7      | Found a shadowy altar of Dithmenos.
 15035 | D:7      | Found a shattered altar of Ashenzari.
 15280 | D:8      | Noticed Psyche
 15280 | D:8      | Noticed Maurice
 15565 | D:9      | Reached XP level 10. HP: 82/82 MP: 10/10
 15568 | D:9      | Found a flagged portal.
 15585 | Bailey   | Entered a bailey
 15919 | Bailey   | Noticed an orc warlord
 15975 | Bailey   | Noticed an orc knight
 16012 | Bailey   | Noticed an orc knight
 16087 | D:9      | Reached skill level 9 in Fighting
 16222 | D:9      | Found a staircase to the Orcish Mines.
 16323 | D:9      | Found a roughly hewn altar of Beogh.
 17187 | D:9      | Found a glowing golden altar of the Shining One.
 17187 | D:9      | Found a white marble altar of Elyvilon.
 17188 | D:9      | Found a glowing silver altar of Zin.
 18124 | D:10     | Entered Level 10 of the Dungeon
 18152 | D:8      | Found Nakhly's Needful Niceties.
 18191 | D:8      | Killed Psyche
 18191 | D:8      | Reached skill level 10 in Unarmed Combat
 18257 | D:8      | Found a staircase to the Lair.
 18257 | D:8      | Noticed an elephant
 18735 | D:8      | Killed an elephant
 19097 | Lair:1   | Entered Level 1 of the Lair of Beasts
 19109 | D:8      | Mangled by a spiny frog

Vanquished Creatures
  An elephant (D:8)
  Psyche (D:8)
  2 hippogriffs
  3 orc warriors
  2 water moccasins
  A black bear (D:6)
  4 sky beasts
  2 slaves (D:7)
  A wasp (D:7)
  4 ogres
  A crocodile (D:9)
  3 centaurs
  2 big kobolds
  Blork the orc (D:6)
  2 giant frogs (D:9)
  3 water moccasin zombies (Ossuary)
  3 jellies
  7 wights
  7 scorpions
  5 crimson imps
  5 iguanas
  3 centaur skeletons
  11 orc priests
  11 hounds
  4 worker ants
  A giant frog skeleton (D:4)
  12 orc wizards
  A sheep (D:8)
  3 big kobold zombies (Ossuary)
  A hound zombie (D:4)
  2 hound skeletons
  3 mummies
  2 worker ant zombies
  10 gnolls
  16 adders
  A shadow imp (D:8)
  2 oozes
  4 adder skeletons
  7 adder zombies
  5 worms
  7 giant geckos
  49 orcs
  2 ball pythons
  2 gnoll zombies (Ossuary)
  20 goblins
  18 hobgoblins
  22 jackals
  6 bats
  8 giant cockroaches
  A giant cockroach zombie (D:6)
  A giant gecko skeleton (D:5)
  7 giant newts
  6 hobgoblin zombies (Ossuary)
  26 kobolds
  4 kobold zombies (Ossuary)
  4 orc zombies (Ossuary)
  A quokka skeleton (D:5)
  2 quokka zombies
  7 rats
352 creatures vanquished.

Vanquished Creatures (others)
  Pikel (D:5)
  2 orc warriors (D:5)
  A slave (D:7)
  2 centaurs (D:5)
  2 scorpions (D:5)
  2 hounds
  Jessica (D:2)
  A worker ant (D:5)
  A worm (D:2)
  A giant gecko (D:7)
  A plant (D:7)
15 creatures vanquished.

Grand Total: 367 creatures vanquished
